 Dungeon Crawl Stone Soup version 0.24.1 (webtiles) character file.

Game seed: 6790092035184900587, levelgen mode: deterministic

31 Peloso the Shield-Bearer (level 3, 0/33 HPs)
             Began as a Minotaur Fighter on Mar 25, 2020.
             Slain by Sigmund
             ... wielding a +0 scythe
              (5 damage)
             ... on level 2 of the Dungeon.
             The game lasted 00:01:46 (837 turns).

Peloso the Shield-Bearer (Minotaur Fighter)          Turns: 837, Time: 00:01:46

Health: 0/33       AC:  7    Str: 25    XL:     3   Next: 7%
Magic:  2/2        EV:  7    Int:  5    God:
Gold:   68         SH: 10    Dex: 10    Spells: 2/2 levels left

rFire    . . .     SeeInvis .   a - +0 long sword
rCold    . . .     Gourm    .   c - +0 shield
rNeg     . . .     Faith    .   b - +0 scale mail
rPois    .         Spirit   .   (helmet restricted)
rElec    .         Reflect  .   (no cloak)
rCorr    .         Harm     .   (no gloves)
MR       .....                  (no boots)
Stlth    ..........             (no amulet)
HPRegen  0.11/turn              (no ring)
MPRegen  0.08/turn              (no ring)

@: mighty
A: retaliatory headbutt, horns 2
a: no special abilities


You were on level 2 of the Dungeon.
You were not hungry.

You visited 1 branch of the dungeon, and saw 2 of its levels.

You collected 68 gold pieces.

Inventory:

Hand Weapons
 a - a +0 long sword (weapon)
 j - a +0 dagger of draining
Armour
 b - a +0 scale mail (worn)
 c - a +0 shield (worn)
Jewellery
 k - an uncursed ring of magical power {unknown}
Scrolls
 i - 2 scrolls of teleportation
Potions
 e - a potion of flight {unknown}
 g - a potion of heal wounds {unknown}
 h - a potion of curing
Comestibles
 f - 4 rations


   Skills:
 + Level 3.9 Fighting
 + Level 2.9 Long Blades
 + Level 4.0 Armour
 + Level 4.3 Shields


You had 2 spell levels left.
You didn't know any spells.
Your spell library was empty.

Dungeon Overview and Level Annotations

Branches:
Dungeon (2/15)

Altars:

Annotations:
D:2 Sigmund


Innate Abilities, Weirdness & Mutations

You reflexively headbutt those who attack you in melee.
You have a pair of horns on your head.


Message History

The frilled lizard bites you but does no damage.
You slash the frilled lizard!
You kill the frilled lizard!
You hit the kobold.
You kill the kobold!
You hear some strange, mumbled words.
You are confused.
You bump into the rock wall.
Something hits you!
You bump into the rock wall.
Something hits you!
* * * LOW HITPOINT WARNING * * *
You feel better.
You hear some strange, mumbled words.
A puff of flame appears from out of thin air!
You block the puff of flame.
You feel very mighty all of a sudden. You block something's attack.
You closely miss something. Something hits you.
* * * LOW HITPOINT WARNING * * *
You slash something! Your headbutt misses something. Something hits you.
You die...

#.....# #. #.#####.#...#
#..#...........#
#..#######.#...#
#..#<......#...# ######
#..#########...#
#.....##..............##
#.!........######......#
#..............{@....>.#
#......(...######....(.#
#.....###### #......#
...... #......# #..#..
#......# .. #.. #......#
. ### ########


There were no monsters in sight!

Vanquished Creatures
  A leopard gecko (D:1)
  3 bats (D:1)
  A giant cockroach (D:1)
  7 goblins (D:1)
  5 hobgoblins (D:1)
  4 kobolds
  A quokka (D:2)
  3 frilled lizards
  3 rats (D:1)
28 creatures vanquished.

Notes
Turn   | Place    | Note
-------+----------+-------------------------------------------
     0 | D:1      | Peloso the Minotaur Fighter began the quest for the Orb.
     0 | D:1      | Reached XP level 1. HP: 19/19 MP: 0/0
    82 | D:1      | Reached XP level 2. HP: 24/27 MP: 1/1
   729 | D:1      | Reached XP level 3. HP: 33/33 MP: 2/2
   807 | D:2      | Noticed Sigmund
   832 | D:2      | HP: 1/33 [something (11)]
   837 | D:2      | Slain by Sigmund

Levels and vault maps discovered:
D:1:      wander_arrival_fairy_ring, layout_loops_ring, kennysheep_another_room,
          corner_web_ring, minmay_hexomino_u4
D:2:      layout_basic, marbit_many_paths, first_ration,
          hangedman_abyss_or_decor_stabs, fedhas_altar_1, uniq_natasha,
          uniq_sigmund

Skill      XL: |  1  2 |
---------------+-------+-----
Shields        | 4 |  4.3
Armour         | 4 |  4.0
Fighting       | |  3.9
Long Blades    | |  2.9

Action                   || total
-------------------------++-------
Melee: Long sword        ||    59
       Headbutt          ||     6
  Use: Scroll            ||     2
       Potion            ||     3
Armor: Scale mail        ||    24
Dodge: Dodged            ||    13
Block: Shield            ||    31
       Rpst.: Long sword ||     2
